AoeStats
← Worker

MegaRandom

510231550Analyzed
2v2 RM · 2d ago on Sep 30, 2026· 44m 58s· 4 players
Game mode
Random Map
Map size
Medium (4 player)
Population
200
Speed
Normal
Resources
Standard
Victory
Conquest
Starting age
Dark Age
Ending age
Imperial Age
RankedLock teamsTeams togetherTeam positionsShared explorationLock speedFull tech treeHidden civsTurbo modeCheats
Victory
Defeat
🇺🇸 Tupi · United States
1206
+16
🇺🇸 Muisca · United States
1206
+16
🇲🇽 Mongols · Mexico
1253
-19
🇺🇸 Hindustanis · United States
1142
-13
Carmilla
9:47 Feudal Age
10:18 Double-Bit Axe
13:17 Loom
18:18 Castle Age
18:24 Fletching
19:12 Padded Archer Armor
19:32 Bow Saw
27:54 Bodkin Arrow
35:52 Horse Collar
38:46 Wheelbarrow
40:28 Hand Cart
42:12 Ballistics
42:09 Leather Archer Armor
44:05 Gold Mining
44:15 Heavy Plow
Worker
10:02 Feudal Age
8:18 Loom
12:08 Champi Runner
12:48 Champi Runner
23:54 Castle Age
23:08 Double-Bit Axe
24:21 Fletching
24:43 Crossbowman
25:22 Horse Collar
29:50 Bodkin Arrow
33:03 Bow Saw
32:36 Champi Warrior
33:17 Squires
33:17 Gold Mining
38:32 Padded Archer Armor
38:43 Forging
47:53 Imperial Age
SirDabsAlot419
10:44 Feudal Age
9:36 Loom
14:38 Bloodlines
17:28 Scale Barding Armor
18:47 Forging
20:38 Man-at-Arms
29:03 Castle Age
27:59 Double-Bit Axe
28:09 Fletching
30:06 Bodkin Arrow
30:35 Chain Barding Armor
30:51 Iron Casting
30:59 Husbandry
31:16 Gold Mining
34:02 Wheelbarrow
35:15 Gold Shaft Mining
38:36 Murder Holes
[GDL] iqmendezed
7:28 Loom
9:36 Feudal Age
11:12 Double-Bit Axe
14:13 Scale Barding Armor
21:38 Castle Age
20:30 Horse Collar
21:07 Bloodlines
21:21 Gold Mining
23:02 Husbandry
26:45 Forging
33:50 Fletching
44:57 Ballistics
Connection lost

Rejoining the realm…

Still unreachable

The connection could not be restored.

Session expired

The server has moved on; the page needs a fresh start.